 Dungeon Crawl Stone Soup version 0.30.0-5-g1a98f26d00 (webtiles) character file.

Game seed: 11517098827947445075

23 greasedhog the Trooper (level 3, 24/24 HPs)
             Began as a Gargoyle Fighter on May 10, 2023.
             Quit the game on level 1 of the Dungeon.
             The game lasted 00:00:46 (792 turns).

greasedhog the Trooper (Gargoyle Fighter)            Turns: 792, Time: 00:00:47

Health: 24/24      AC: 11    Str: 19    XL:     3   Next: 0%
Magic:  3/3        EV:  9    Int:  8    God:
Gold:   51         SH:  4    Dex: 11    Spells: 2/2 levels left

rFire   . . .        a - +0 flail
rCold   . . .        c - +0 buckler
rNeg    + . .        b - +0 scale mail
rPois   ∞            (no helmet)
rElec   +            (no cloak)
rCorr   .            (no gloves)
SInv    .            h - +0 pair of boots
Will    .....        (no amulet) Stlth
                     (no ring)
HPRegen 0.24/turn    (no ring)
MPRegen 0.08/turn

%: no passive effects
@: no status effects
A: sickness immunity, AC +3, negative energy resistance 1, electricity
resistance, torment resistance 1, petrification resistance
a: no special abilities


You were on level 1 of the Dungeon.
You visited 1 branch of the dungeon, and saw 1 of its levels.

You collected 51 gold pieces.

Inventory:

Hand Weapons
 a - a +0 flail (weapon)
Armour
 b - a +0 scale mail (worn)
 c - a +0 buckler (worn)
 h - a +0 pair of boots (worn)
Scrolls
 e - a scroll of enchant armour {unknown}
 f - a scroll of teleportation {unknown}
 g - a scroll of vulnerability {unknown}
 k - a scroll of blinking {unknown}
Potions
 d - 3 potions of might
 i - a potion of magic {unknown}
 j - a potion of lignification {unknown}


   Skills:
 + Level 3.7 Fighting
 * Level 3.0 Maces & Flails
 - Level 3.2 Armour
 - Level 3.2 Shields


You had 2 spell levels left.
You didn't know any spells.
Your spell library was empty.

Dungeon Overview and Level Annotations

Branches:
Dungeon (1/15)

Altars:


Innate Abilities, Weirdness & Mutations

You are immune to sickness and miasma.
Your stone body is resilient. (AC +3)
You are immune to poison.
You resist negative energy. (rN+)
You are resistant to electric shocks. (rElec)
You are resistant to unholy torment.
You are immune to petrification.


Message History

k - a scroll labelled MYIJEV ZUTH You open the door.
There is an open door here.
You open the door.
There is an open door here.
There is an open door here.
You now have 51 gold pieces (gained 16).
You open the door.
There is an open door here.
Found a stone staircase leading down.
There is a stone staircase leading down here.
There is an open door here.
Found a ring mail.
No target in view!
No target in view!
No target in view!
No target in view!
No target in view!
No target in view!
You see here a +0 ring mail.
As you open the door, it creaks loudly!
There is an open door here.
Key pressed, stopping explore.
You see here 2 stones.
You open the door.
A quokka comes into view.
(D) Dungeon
Where to? (Enter - D:1 @ (x,y), ? - help)
Okay, then.
There is an open door here.
You miss the quokka. The quokka barely misses you.
The quokka bites you but does no damage.
You sock the quokka!
You kill the quokka!
Your Maces & Flails skill increases to level 3!
You have reached level 3!
Your experience leads to an increase in your attributes!
Increase (S)trength, (I)ntelligence, or (D)exterity?
You feel agile. x2
Are you sure you want to abandon this character and quit the game? (Confirm with "yes".)

### #.# ######### #.# #.......#
#.# #.#####.# #.# ###### #.# #.#
##.# #....# #.# #.#######...
#....####'#####.........(.
#....#...@................
#....#...†.#......#.###.#.
#....#.....#......#.###.##
#....#.....#.......(......
##'###.....#######..###.##
#########.# #.....# #....# #.##
#.........#############.#..###.##
#.......................#..#.#.##
#.........###........####..#.#.##


There were no monsters in sight!

Vanquished Creatures
  A dart slug (D:1)
  5 ball pythons (D:1)
  2 giant cockroaches (D:1)
  2 goblins (D:1)
  3 hobgoblins (D:1)
  3 quokkas (D:1)
  A bat (D:1)
17 creatures vanquished.

Notes
Turn   | Place    | Note
-------+----------+-------------------------------------------
     0 | D:1      | greasedhog the Gargoyle Fighter began the quest for the
                  | Orb.
     0 | D:1      | Reached XP level 1. HP: 14/14 MP: 1/1
   106 | D:1      | Reached XP level 2. HP: 17/19 MP: 2/2
   792 | D:1      | Reached XP level 3. HP: 24/24 MP: 3/3
   792 | D:1      | Quit the game

Illustrated notes

Levels and vault maps discovered:
D:1:      matt_arrival_refuge, layout_basic

Skill      XL: |  1  2 |
---------------+-------+-----
Maces & Flails | 3 |  3.0
Fighting       | |  3.7
Armour         | |  3.2
Shields        | |  3.2

Action                     || total
---------------------------++-------
  Melee: Flail             ||    62
 Armour: Scale mail        ||    35
  Dodge: Dodged            ||    46
  Block: Buckler           ||    11
